 Dungeon Crawl Stone Soup version 0.31-a0-441-g867994ef1c (webtiles) character file.

Game seed: 10227738581421065113

7087 jasper the Skirmisher (level 10, 0/53 HPs)
             Began as a Spriggan Shapeshifter on Aug 2, 2023.
             Was a High Priest of Okawaru.
             Collided with a rock wall (13 damage)
             ... caused by Erica
             ... on level 10 of the Dungeon.
             The game lasted 00:17:28 (7547 turns).

jasper the Skirmisher (Spriggan Shapeshifter)       Turns: 7547, Time: 00:17:29

Health: 0/53       AC:  2    Str: 11    XL:     10   Next: 84%
Magic:  21/22      EV: 27    Int: 10    God:    Okawaru [*****.]
Gold:   398        SH:  0    Dex: 20    Spells: 9/9 levels left

rFire   . . .        K - +0 shortbow (elec)
rCold   . . .        (shield currently unavailable)
rNeg    + . .        z - +0 robe of Daffodils {rPois MP+9 Slay+2}
rPois   +            (helmet currently unavailable)
rElec   .            (cloak currently unavailable)
rCorr   .            (gloves unavailable)
SInv    +            (boots unavailable)
Will    ++...        o - amulet of faith
Stlth   ++++         u - ring of willpower
HPRegen 0.28/turn    C - ring of positive energy
MPRegen 0.18/turn

%: faith
@: lethally poisoned (0 -> -6), beast-form, heroic, very quick
A: beast (slay +2), very small, no large weapons, unfitting armour, see
invisible, speed 3
a: Begin Untransformation, Renounce Religion, Heroism, Finesse, Duel


You were on level 10 of the Dungeon.
You worshipped Okawaru.
Okawaru was extremely pleased with you.
You were a hulking beast.
You visited 2 branches of the dungeon, and saw 11 of its levels.
You also visited: Ossuary.

You collected 512 gold pieces.
You spent 114 gold pieces at shops.

Inventory:

Hand Weapons
 b - a +1 orcbow of flaming
 f - a +0 sling
 y - a +0 orcbow
 K - a +0 shortbow of electrocution (weapon)
Missiles
 e - 83 stones
 l - 15 boomerangs
Armour
 a - a +1 animal skin
 m - an orb of energy
 r - a +2 hat
 z - the +0 robe of Daffodils (worn) {rPois MP+9 Slay+2}
   (You bought it in a shop on level 2 of the Dungeon)

   Slay:      It affects your accuracy & damage with ranged weapons and melee
   (+2).
   rPois:     It protects you from poison.
   MP:        It affects your magic capacity (+9).
 D - a +0 hat
 I - +0 acid dragon scales
Jewellery
 o - an amulet of faith (around neck)
 u - a ring of willpower (left hand)
 C - a ring of positive energy (right hand)
 G - a ring of protection from cold
Talismans
 c - a beast talisman (active)
Wands
 E - a wand of digging (6)
Scrolls
 d - 2 scrolls of revelation
 g - 4 scrolls of teleportation
 h - a scroll of enchant weapon
 k - 4 scrolls of amnesia
 n - a scroll of blinking
 q - 3 scrolls of enchant armour
 F - a scroll of poison
 H - 2 scrolls of fog
 J - 2 scrolls of identify
Potions
 i - 3 potions of enlightenment
 j - 2 potions of attraction
 p - 3 potions of heal wounds
 s - 5 potions of might
 t - a potion of brilliance
 v - a potion of resistance {unknown}
 w - 2 potions of degeneration {unknown}
 x - 2 potions of lignification
 A - a potion of magic {unknown}
 B - 3 potions of curing {unknown}


   Skills:
 - Level 6.1(11.1) Fighting
 + Level 13.6(18.6) Ranged Weapons
 - Level 7.1(12.1) Dodging
 - Level 1.1(6.1) Stealth
 - Level 2.4(7.4) Unarmed Combat
 - Level 3.0 Invocations
 - Level 4.1 Shapeshifting


You had 9 spell levels left.
You didn't know any spells.
Your spell library contained the following spells:

 Spells                   Type           Power      Damage    Failure   Level
 Sandblast                Erth           0%         2d4       36%         1
 Passwall                 Tmut/Erth      0%         N/A       50%         2
 Static Discharge         Conj/Air       0%         2-2/arc   50%         2
 Stone Arrow              Conj/Erth      0%         3d7       75%         3
 Airstrike                Air            0%         2d(0-16)  98%         4
 Summon Small Mammal      Summ           Unusable   N/A       N/A         1
 Call Canine Familiar     Summ           Unusable   N/A       N/A         3
 Summon Guardian Golem    Hex/Summ       Unusable   N/A       N/A         3
 Summon Lightning Spire   Summ/Air       Unusable   N/A       N/A         4
 Summon Forest            Summ/Tloc      Unusable   N/A       N/A         5
 Summon Mana Viper        Hex/Summ       Unusable   N/A       N/A         5
 Summon Cactus Giant      Summ           Unusable   N/A       N/A         6

Dungeon Overview and Level Annotations

Branches:
Dungeon (10/15)            Temple (1/1) D:4         Ossuary (visited)
   Lair: D:8-11         Orc: D:9-12

Altars:
Ashenzari
Cheibriados
Dithmenos
Elyvilon
Fedhas
Gozag
Hepliaklqana
Kikubaaqudgha
Makhleb
Nemelex Xobeh
Okawaru
Qazlal
Ru
Sif Muna
Trog
Uskayaw
Vehumet
Xom
Yredelemnul
Zin
The Shining One

Shops:
D:2 =[:=   D:3 (

Annotations:
D:6 3 runed translucent doors, AwFulAwFulPlayer's ghost, novice DgHu
D:10 Erica


Innate Abilities, Weirdness & Mutations

You are a hulking beast.
Your limbs bulge with bestial killing power. (Slay +2)
You are very small and have problems with some larger weapons.
You are too small for most types of armour.
You have supernaturally acute eyesight. (SInv)
You cover ground extremely quickly. (Speed+++)


Message History

Erica is severely wounded.
Fire: K) +0 shortbow (elec)
Press: ? - help, Q - select action, (/) - cycle Shift-Dir - straight line, f/p - Erica
Aim: Erica, wielding a +0 scimitar of flaming, wearing a +0 robe and carrying a wand of polymorph (severely wounded, 74% to hit)
You shoot an arrow. The arrow hits Erica.
Erica is almost dead.
A kobold brigand comes into view.
It is wielding a +0 short sword and quivering poisoned darts.
Erica gestures wildly while chanting.
Erica flickers and vanishes for a moment.
Fire: K) +0 shortbow (elec)
Press: ? - help, Q - select action, (/) - cycle Shift-Dir - straight line, f/p - Erica
Aim: Erica, wielding a +0 scimitar of flaming, wearing a +0 robe and carrying a wand of polymorph (almost dead, slightly transparent, 74% to hit)
You shoot an arrow. The arrow closely misses Erica.
Fire: K) +0 shortbow (elec)
Press: ? - help, Q - select action, (/) - cycle Shift-Dir - straight line, f/p - Erica
Aim: Erica, wielding a +0 scimitar of flaming, wearing a +0 robe and carrying a wand of polymorph (almost dead, slightly transparent, 74% to hit)
You shoot an arrow. The arrow barely misses Erica.
The kobold brigand throws a poisoned dart.
The poisoned dart closely misses you.
Fire: K) +0 shortbow (elec)
Press: ? - help, Q - select action, (/) - cycle Shift-Dir - straight line, f/p - Erica
Aim: Erica, wielding a +0 scimitar of flaming, wearing a +0 robe and carrying a wand of polymorph (almost dead, slightly transparent, 74% to hit)
You shoot an arrow. The arrow closely misses Erica.
The kobold brigand throws a poisoned dart.
The poisoned dart hits you!
You are poisoned.
Erica hits you with a +0 scimitar of flaming.
Erica burns you.
You take 6 damage, and have 40/53 hp.
Fire: K) +0 shortbow (elec)
Press: ? - help, Q - select action, (/) - cycle Shift-Dir - straight line, f/p - Erica
Aim: Erica, wielding a +0 scimitar of flaming, wearing a +0 robe and carrying a wand of polymorph (almost dead, slightly transparent, 74% to hit)
You shoot an arrow. The arrow barely misses Erica.
You feel sick. Erica casts a spell at you. The lance of force hits you!!
* * * LOW HITPOINT WARNING * * *
You are knocked back by the lance of force.
You slam into the rock wall!
You die...

)... ...#
.
###K..##..
#.†)).....
#.........
#.........
#@........
#<........
#h........
#####+####


You could see Erica (invisible) and a kobold brigand.

Vanquished Creatures
  An ugly thing (D:9)
  Joseph (D:7)
  Maggie (D:9)
  A hornet (D:9)
  Sigmund (D:2)
  2 wyverns
  14 yaks (D:9)
  2 steam dragons
  An acid dragon (D:9)
  2 water moccasins
  An ogre (D:5)
  3 centaurs
  4 bullfrogs
  2 gnoll sergeants
  9 scorpions
  4 killer bees (D:9)
  A howler monkey (D:10)
  A centaur zombie (Ossuary)
  2 human zombies (Ossuary)
  4 jellies
  6 orc priests
  6 hounds
  4 sleepcaps
  Jessica (D:2)
  4 iguanas
  3 scorpion zombies (Ossuary)
  8 orc wizards
  3 mummies (Ossuary)
  8 adders
  7 gnolls
  2 ufetubi
  A worm (D:5)
  3 dart slugs
  41 orcs
  9 ball pythons
  7 bats
  7 endoplasms
  A giant cockroach (D:1)
  3 gnoll zombies (Ossuary)
  5 goblins
  7 hobgoblins
  16 jackals
  15 kobolds
  4 quokkas
  2 frilled lizards
  2 goblin zombies (Ossuary)
  3 hobgoblin zombies (Ossuary)
  2 kobold zombies (Ossuary)
  2 orc zombies (Ossuary)
  8 rats
247 creatures vanquished.

Notes
Turn   | Place    | Note
-------+----------+-------------------------------------------
     0 | D:1      | jasper the Spriggan Shapeshifter began the quest for the
                  | Orb.
     0 | D:1      | Reached XP level 1. HP: 9/9 MP: 2/2
   118 | D:1      | Reached skill level 1 in Fighting
   125 | D:1      | Reached skill level 1 in Stealth
   149 | D:1      | Reached XP level 2. HP: 14/14 MP: 3/3
   171 | D:1      | Reached skill level 1 in Ranged Weapons
   403 | D:1      | Reached XP level 3. HP: 18/18 MP: 4/4
   534 | D:1      | Reached skill level 2 in Ranged Weapons
   847 | D:2      | Noticed Jessica
   856 | D:2      | Killed Jessica
   857 | D:2      | Reached skill level 3 in Ranged Weapons
   857 | D:2      | Reached XP level 4. HP: 22/22 MP: 5/5
   890 | D:2      | Found Tupnareu's Book Emporium.
   898 | D:2      | Found Atuwn's Jewellery Boutique.
   925 | D:2      | Found a faded altar of an unknown god.
  1081 | D:2      | Found Yliow Zuge's Antique Armour Emporium.
  1177 | D:2      | Noticed Sigmund
  1185 | D:2      | Killed Sigmund
  1186 | D:2      | Reached skill level 5 in Ranged Weapons
  1186 | D:2      | Reached XP level 5. HP: 25/25 MP: 6/6
  1273 | D:2      | Found Boalibloyn's Jewellery Shop.
  1508 | D:3      | Reached XP level 6. HP: 30/30 MP: 7/7
  1581 | D:3      | Found Lulaeg's Weapon Emporium.
  1698 | D:3      | Found a hide-covered altar of Uskayaw.
  1903 | D:3      | Reached skill level 6 in Ranged Weapons
  2365 | D:3      | Found a blossoming altar of Fedhas.
  2365 | D:3      | Found a shimmering altar of Xom.
  2383 | D:3      | Identified a scroll of acquirement
  2383 | D:3      | Acquired a +0 orcbow of flaming
  2618 | D:4      | Found a sand-covered staircase.
  2628 | Ossuary  | Entered an ossuary
  2692 | Ossuary  | Reached skill level 7 in Ranged Weapons
  2701 | Ossuary  | Reached XP level 7. HP: 33/33 MP: 8/8
  2841 | Ossuary  | Reached skill level 8 in Ranged Weapons
  3048 | Ossuary  | Reached skill level 9 in Ranged Weapons
  3048 | Ossuary  | Reached XP level 8. HP: 37/37 MP: 9/9
  3126 | D:4      | Found a staircase to the Ecumenical Temple.
  3137 | Temple   | Entered the Ecumenical Temple
  3152 | Temple   | Became a worshipper of Warmaster Okawaru
  3265 | D:2      | Bought a wizard robe for 114 gold pieces
  3265 | D:2      | Identified the +0 robe of Daffodils {rPois MP+9 Slay+2}
                  | (You bought it in a shop on level 2 of the Dungeon)
  3504 | D:4      | Reached skill level 10 in Ranged Weapons
  3667 | D:5      | Entered Level 5 of the Dungeon
  3721 | D:5      | Found a runed translucent door.
  3744 | D:5      | Reached skill level 1 in Invocations
  3896 | D:5      | Found a shadowy altar of Dithmenos.
  4047 | D:5      | Reached * piety under Okawaru
  4384 | D:5      | Reached skill level 5 in Dodging
  4415 | D:5      | Reached XP level 9. HP: 37/43 MP: 12/12
  5315 | D:6      | Found a runed translucent gate.
  5316 | D:6      | Found a runed translucent gate.
  5316 | D:6      | Found a runed translucent gate.
  5317 | D:6      | Found an opulent altar of Gozag.
  5319 | D:6      | Noticed AwFulAwFulPlayer's ghost (novice DgHu)
  5319 | D:6      | Noticed a kobold demonologist
  5517 | D:7      | Reached ** piety under Okawaru
  5560 | D:7      | Found a white marble altar of Elyvilon.
  5825 | D:7      | Noticed Joseph
  5831 | D:7      | Killed Joseph
  5832 | D:7      | Reached skill level 5 in Fighting
  6361 | D:8      | Noticed a cyclops
  6365 | D:8      | Noticed a red ugly thing
  6538 | D:9      | Reached *** piety under Okawaru
  6552 | D:9      | Reached XP level 10. HP: 45/53 MP: 13/13
  6555 | D:9      | Reached skill level 11 in Ranged Weapons
  6653 | D:9      | Reached **** piety under Okawaru
  6962 | D:9      | Reached skill level 12 in Ranged Weapons
  6970 | D:9      | Reached ***** piety under Okawaru
  6988 | D:9      | Noticed Maggie
  6994 | D:9      | Killed Maggie
  7043 | D:9      | Found an opulent altar of Gozag.
  7148 | D:9      | Noticed a brown ugly thing
  7163 | D:9      | Killed a brown ugly thing
  7164 | D:9      | Reached skill level 13 in Ranged Weapons
  7465 | D:10     | Entered Level 10 of the Dungeon
  7536 | D:10     | Noticed Erica
  7547 | D:10     | Collided with a rock wall

Illustrated notes

Levels and vault maps discovered:
D:1:      scummos_arrival_star, layout_basic
D:2:      layout_loops_ring, ebering_ecumenical_altar_webs, serial_shops,
          nicolae_shop_advertising_works [nicolae_subvault_shop_adworks], shop,
          nicolae_shop_peninsula, nicolae_shop_stone,
          kennysheep_generic_room_12, uniq_jessica, uniq_sigmund
D:3:      layout_loops_corners, mainiacjoe_overflow_cross_hatched,
          amethyst_overflow_temple_binary, serial_shops, shop
D:4:      layout_basic, minmay_temple_entry_sparse_star,
          nicolae_ossuary_entry_monument
D:5:      layout_basic, mainiacjoe_overflow_alcove_1, lightli_church_of_beogh
D:6:      layout_basic, ebering_ghost_gozag
D:7:      layout_cave_pods, elyvilon_altar_3, uniq_joseph
D:8:      layout_basic, enter_bailey_5, serial_curves, eino_curves_04,
          eino_curves_02, eino_curves_02, eino_curves_01, minmay_the_grid_2x2
          [minmay_the_grid_medium_cups, minmay_the_grid_minigrid_large,
          minmay_the_grid_tiny_cups, minmay_the_grid_prize_trominoes]
D:9:      layout_gridville, amcnicky_altar_gilded, glass_columns_a, uniq_maggie
D:10:     layout_gridville, mainiacjoe_overflow_surrounded_room,
          gammafunk_ghost_nasty_kobolds, minivault_22, uniq_erica
Temple:   bh_familiar_temple

Skill      XL: |  1  2  3  4  5  6  7  8  9 10 |
---------------+-------------------------------+-----
Fighting       | 1 2 6 |  6.1
Stealth        | 1 |  1.1
Dodging        | 3 5 7 |  7.1
Ranged Weapons | 1 3 5 7 9 10 13 | 13.6
Invocations    | 3 |  3.0
Unarmed Combat | |  2.4
Shapeshifting  | |  4.1

Action                     |  1- 3 |  4- 6 |  7- 9 | 10-12 || total
---------------------------+-------+-------+-------+-------++-------
  Melee: Unarmed           |    11 |    12 |       |       ||    23
         Punch             |       |     1 |       |       ||     1
   Fire: Sling             |   108 |    93 |       |       ||   201
         Orcbow            |       |    41 |   308 |    88 ||   437
         Shortbow          |       |       |       |    36 ||    36
 Invoke: Heroism           |       |       |     4 |     3 ||     7
    Use: Scroll            |     1 |     7 |    10 |       ||    18
         Potion            |       |     1 |       |       ||     1
   Stab: Sleeping          |     4 |       |       |       ||     4
 Armour: Animal skin       |     8 |     3 |     1 |       ||    12
         Skin              |       |    13 |       |       ||    13
         Robe              |       |       |     3 |       ||     3
  Dodge: Dodged            |    60 |    25 |    64 |    16 ||   165

Table legend: (Time is in decaauts)
 A = Elapsed time spent in this place.
 B = Non-inter-level travel time spent in this place.
 C = Inter-level travel time spent in this place.
 D = Time resting spent in this place.
 E = Time spent auto-exploring this place.
 F = Levels seen in this place.
 G = Mean time per level.
                   A        B        C        D        E       F      G
               +--------+--------+--------+--------+--------+-----+--------+
         Total |   5351 |   5089 |    262 |    312 |   3638 |  12 |  445.9 |
       Dungeon |   4917 |   4671 |    246 |    310 |   3397 |  10 |  491.7 |
        Temple |     19 |      3 |     16 |      0 |      0 |   1 |   19.0 |
       Ossuary |    414 |    414 |      0 |      2 |    241 |   1 |  414.0 |
               +--------+--------+--------+--------+--------+-----+--------+

Top non-repeatable levels by time:
     D:9: 802 daAuts
     D:3: 796 daAuts
     D:5: 706 daAuts
     D:1: 592 daAuts
     D:6: 561 daAuts
     D:7: 538 daAuts
     D:2: 487 daAuts
 Ossuary: 414 daAuts
     D:4: 316 daAuts
    D:10: 75 daAuts
     D:8: 39 daAuts
  Temple: 19 daAuts
